 Dungeon Crawl Stone Soup version 0.31-a0-986-g5e6e4ef867 (webtiles) character file.

Game seed: 10630118258179615609

64 horus123 the Magician (level 3, -5/19 HPs)
             Began as a Deep Elf Earth Elementalist on Nov 20, 2023.
             Slain by Terence
             ... wielding a +0 short sword
              (6 damage)
             ... on level 2 of the Dungeon.
             The game lasted 00:02:06 (1117 turns).

horus123 the Magician (Deep Elf Earth Elementalist) Turns: 1117, Time: 00:02:06

Health: -5/19      AC:  3    Str:  5    XL:     3   Next: 91%
Magic:  1/11       EV: 12    Int: 21    God:
Gold:   68         SH:  0    Dex: 15    Spells: 11/12 levels left

rFire   . . .        h - +0 dagger (holy)
rCold   . . .        (no shield)
rNeg    . . .        a - +0 robe
rPois   .            (no helmet)
rElec   .            (no cloak)
rCorr   .            (no gloves)
SInv    .            m - +0 pair of boots
Will    .....        (no amulet)
Stlth   ++           (no ring)
HPRegen 0.23/turn    (no ring)
MPRegen 0.12/turn

%: no passive effects
@: no status effects
A: no striking features
a: no special abilities


You were on level 2 of the Dungeon.
You visited 1 branch of the dungeon, and saw 2 of its levels.

You collected 68 gold pieces.

Inventory:

Hand Weapons
 e - a +0 dagger of speed
 h - a +0 dagger of holy wrath (weapon)
Missiles
 i - 2 atropa-tipped darts
Armour
 a - a +0 robe (worn)
 m - a +0 pair of boots (worn)
Scrolls
 c - a scroll of brand weapon {unknown}
 g - a scroll of teleportation {unknown}
 j - a scroll of identify {unknown}
 p - a scroll of acquirement {unknown}
Potions
 b - a potion of magic
 d - a potion of lignification {unknown}
 f - 2 potions of curing {unknown}
 k - a potion of brilliance {unknown}
 l - a potion of might {unknown}
 n - a potion of cancellation {unknown}
 o - a potion of enlightenment {unknown}


   Skills:
 - Level 2.4 Dodging
 - Level 2.4 Stealth
 - Level 5.0 Spellcasting
 - Level 1.1 Transmutations
 + Level 4.1 Earth Magic


You had 11 spell levels left.
You knew the following spells:

 Your Spells              Type           Power      Damage    Failure   Level
a - Sandblast             Erth           44%        2d11      1%          1

Your spell library contained the following spells:

 Spells                   Type           Power      Damage    Failure   Level
 Passwall                 Tmut/Erth      13%        N/A       5%          2
 Stone Arrow              Conj/Erth      28%        3d8       14%         3
 Petrify                  Tmut/Erth      16%        N/A       36%         4
 Brom's Barrelling Bould  Conj/Erth      14%        2d4       41%         4


Dungeon Overview and Level Annotations

Branches:
Dungeon (2/15)

Altars:

Annotations:
D:2 Terence


Message History

Terence says, "How do you enjoy it?" Terence hits you with a +0 short sword.
Terence hits you but does no damage.
You miscast Sandblast.
You are very lightly contaminated with residual magic.
Nothing appears to happen.
Terence hits you but does no damage.
The blast of sand hits Terence but does no damage.
Terence is lightly wounded.
Terence hits you with a +0 short sword.
The blast of sand misses Terence.
Terence hits you with a +0 short sword. x2
You are too injured to fight recklessly!
You are too injured to fight recklessly!
Aiming: Sandblast (safe; 1% risk of failure)
Press: ? - help, Q - select action, (/) - cycle Shift-Dir - straight line, f/p - Terence
Aim: Terence, wielding a +0 short sword and wearing a +2 scale mail of fire resistance (lightly wounded, 85% to hit)
The blast of sand hits Terence but does no damage.
Terence is lightly wounded.
Terence hits you with a +0 short sword.
* * * LOW HITPOINT WARNING * * *
Aiming: Sandblast (safe; 1% risk of failure)
Press: ? - help, Q - select action, (/) - cycle Shift-Dir - straight line, f/p - Terence
Aim: Terence, wielding a +0 short sword and wearing a +2 scale mail of fire resistance (lightly wounded, 85% to hit)
The blast of sand hits Terence!
Terence is severely wounded.
Terence says, "Rest in peace."
Terence barely misses you. Terence hits you but does no damage.
Your magical contamination has completely faded away.
Aiming: Sandblast (safe; 1% risk of failure)
Press: ? - help, Q - select action, (/) - cycle Shift-Dir - straight line, f/p - Terence
Aim: Terence, wielding a +0 short sword and wearing a +2 scale mail of fire resistance (severely wounded, 85% to hit)
The blast of sand hits Terence but does no damage.
Terence is severely wounded.
Terence hits you with a +0 short sword.
* * * LOW HITPOINT WARNING * * *
Aiming: Sandblast (safe; 1% risk of failure)
Press: ? - help, Q - select action, (/) - cycle Shift-Dir - straight line, f/p - Terence
Aim: Terence, wielding a +0 short sword and wearing a +2 scale mail of fire resistance (severely wounded, 85% to hit)
The blast of sand hits Terence but does no damage.
Terence is severely wounded.
Terence misses you. Terence hits you with a +0 short sword.
You die...

####
###...#
#@@.#
#.#......
#.# #.###
###.# #
#...#
#.### #.#
## #.# ..
# ##>##.#
..# #.#


You could see Terence.

Vanquished Creatures
  2 adders (D:2)
  A dart slug (D:1)
  9 endoplasms
  2 goblins (D:1)
  A hobgoblin (D:2)
  5 jackals
  3 quokkas
  3 ball pythons (D:1)
  4 bats
  A frilled lizard (D:2)
  8 kobolds
  A rat (D:2)
40 creatures vanquished.

Notes
Turn   | Place    | Note
-------+----------+-------------------------------------------
     0 | D:1      | horus123 the Deep Elf Earth Elementalist began the quest
                  | for the Orb.
     0 | D:1      | Reached XP level 1. HP: 10/10 MP: 6/6
   215 | D:1      | Reached skill level 4 in Spellcasting
   215 | D:1      | Reached XP level 2. HP: 9/15 MP: 5/9
   678 | D:2      | Reached XP level 3. HP: 19/19 MP: 9/11
   700 | D:2      | Reached skill level 5 in Spellcasting
  1106 | D:2      | Noticed Terence
  1117 | D:2      | Slain by Terence

Illustrated notes

Levels and vault maps discovered:
D:1:      minmay_arrival_stone_box, layout_rooms
D:2:      layout_loops_ring, uniq_terence

Skill      XL: |  1  2  3 |
---------------+----------+-----
Spellcasting   | 4 5 |  5.0
Earth Magic    | 4 |  4.1
Dodging        | |  2.4
Stealth        | |  2.4
Transmutations | |  1.1

Action                     || total
---------------------------++-------
  Melee: Dagger            ||     3
   Cast: Sandblast         ||    65
 Armour: Robe              ||    30
  Dodge: Dodged            ||    17

Table legend: (Time is in decaauts)
 A = Elapsed time spent in this place.
 B = Non-inter-level travel time spent in this place.
 C = Inter-level travel time spent in this place.
 D = Time resting spent in this place.
 E = Time spent auto-exploring this place.
 F = Levels seen in this place.
 G = Mean time per level.
                   A        B        C        D        E       F      G
               +--------+--------+--------+--------+--------+-----+--------+
         Total |   1147 |   1130 |     17 |      0 |    890 |   2 |  573.5 |
       Dungeon |   1147 |   1130 |     17 |      0 |    890 |   2 |  573.5 |
               +--------+--------+--------+--------+--------+-----+--------+

Top non-repeatable levels by time:
     D:1: 658 daAuts
     D:2: 489 daAuts
